[Event "Team 45 45 League T26"]
[Site "Internet Chess Club"]
[Date "2005.04.07"]
[Round "4"]
[White "orkid"]
[Black "room-matt"]
[Result "0-1"]
[WhiteElo "1719"]
[BlackElo "1937"]
[TimeControl "2700+45"]

1. d4 Nf6 2. c4 e5 3. dxe5 Ng4 4. Nf3 Bc5 5. e3 Nc6 6. e6 fxe6 7. h3 Nf6 8. a3
a5 9. Bd3 d6 10. Nc3 b6 11. Ne4 Bb7 12. Nxf6+ Qxf6 13. Be4 O-O-O 14. O-O Ne5 15.
Bxb7+ Kxb7 16. Rb1 Nxf3+ 17. Qxf3+ Qxf3 18. gxf3 d5 19. b4 axb4 20. axb4 Be7 21.
c5 b5 22. Bb2 Bf6 23. f4 Rhg8 24. Be5 Bxe5 25. fxe5 g5 26. Rb3 d4 27. e4 g4 28.
h4 d3 29. Rd1 d2 30. Rb2 Rd4 31. Rdxd2 Rxe4 32. Re2 Rxe2 33. Rxe2 Rd8 34. Re4 h5
35. Kg2 Kc6 36. Kg3 Kd5 37. Kf4 Rf8+ 38. Ke3 Rf3+ {White resigns} 0-1

[Event "Team 45 45 League T26"]
[Site "Internet Chess Club"]
[Date "2005.04.11"]
[Round "4"]
[White "Ruger"]
[Black "Gregorio"]
[Result "1/2-1/2"]
[WhiteElo "2166"]
[BlackElo "2041"]
[TimeControl "2700+45"]

1. Nf3 Nf6 2. g3 g6 3. Bg2 Bg7 4. O-O O-O 5. d3 d6 6. e4 c5 7. Nbd2 Nc6 8. a4
Rb8 9. Nc4 Be6 10. Nfd2 Qc8 11. Re1 Bg4 12. f3 Bh3 13. c3 Rd8 {Game drawn by
mutual agreement} 1/2-1/2

[Event "Team 45 45 League T26"]
[Site "Internet Chess Club"]
[Date "2005.04.11"]
[Round "4"]
[White "A-Ru"]
[Black "asonjay2k"]
[Result "1-0"]
[WhiteElo "2004"]
[BlackElo "2065"]
[TimeControl "2700+45"]

1. d4 d5 2. Nf3 c6 3. e3 Nf6 4. Nbd2 Bf5 5. c4 e6 6. Qb3 Qb6 7. c5 Qc7 8. Be2 b6
9. cxb6 axb6 10. O-O Bd6 11. Qc3 g5 12. g3 h5 13. Ne5 h4 14. Ndf3 hxg3 15. hxg3
Ne4 16. Qb3 g4 17. Nh4 Bxe5 18. dxe5 Qxe5 19. Kg2 Nxg3 20. fxg3 Rxh4 21. gxh4
Be4+ 22. Kf2 g3+ 23. Kg1 g2 24. Rf4 Nd7 25. Qc3 Qd6 26. Qh8+ Nf8 27. Qf6 Ra7 28.
h5 Qb4 29. Qc3 Qd6 30. Bd2 e5 31. Rg4 f5 32. Rg8 Kf7 33. Rg3 Ne6 34. h6 d4 35.
Qb3 Bd5 36. Qxb6 Rc7 37. Bh5+ Kf8 38. Bb4 {Black resigns} 1-0

[Event "Team 45 45 League T26"]
[Site "Internet Chess Club"]
[Date "2005.04.08"]
[Round "4"]
[White "Beats20Cents"]
[Black "viking99"]
[Result "1/2-1/2"]
[WhiteElo "1776"]
[BlackElo "1826"]
[TimeControl "2700+45"]

1. e4 e6 2. d4 d5 3. Nc3 Nf6 4. e5 Nfd7 5. f4 c5 6. Nf3 Nc6 7. Be3 cxd4 8. Nxd4
Bc5 9. Qd2 O-O 10. O-O-O a6 11. h4 Nxd4 12. Bxd4 b5 13. Rh3 b4 14. Na4 Bxd4 15.
Qxd4 a5 16. Bb5 Rb8 17. Bd3 Qc7 18. h5 Qc6 19. b3 Ba6 20. g4 Rfc8 21. Rh2 Bxd3
22. Rxd3 Nc5 23. Nxc5 Qxc5 24. Qxc5 Rxc5 {Game drawn by mutual agreement}
1/2-1/2

[Event "Team 45 45 League T26"]
[Site "Internet Chess Club"]
[Date "2005.04.10"]
[Round "4"]
[White "Murdock"]
[Black "Chief-Justice"]
[Result "1-0"]
[WhiteElo "1987"]
[BlackElo "1983"]
[TimeControl "2700+45"]

1. e4 c6 2. c4 e5 3. Nf3 d6 4. d4 exd4 5. Qxd4 Nd7 6. Nc3 Ngf6 7. Bf4 Qe7 8.
O-O-O Ng4 9. Bxd6 Qxd6 10. Qxd6 Bxd6 11. Rxd6 Nxf2 12. Rg1 Ng4 13. h3 Nge5 14.
Be2 O-O 15. Rgd1 Re8 16. b4 f6 17. b5 Kf7 18. Nd4 Ke7 19. Nf5+ Kf7 20. R6d4 Re6
21. Nd6+ Ke7 22. Nf5+ Kf7 23. Bg4 Nxg4 24. Rxd7+ Bxd7 25. Rxd7+ Kf8 26. hxg4
cxb5 27. cxb5 Rc8 28. Kb2 a6 29. Rxb7 axb5 30. Rxb5 g6 31. Ne3 Kg7 32. a4 Kh6
33. Kb3 f5 34. gxf5 gxf5 35. Nxf5+ Kg6 36. Rb7 Rxc3+ 37. Kxc3 Rxe4 38. Nd4 Rg4
39. Rb2 Kf6 40. a5 Ke5 41. Nf3+ Kd6 42. Ra2 Rg7 43. a6 Ra7 44. Nd4 Kc5 45. Ra5+
Kb6 46. Kb4 h6 47. Nb5 Rxa6 48. Rxa6+ Kxa6 49. Kc5 Kb7 50. Kd6 Kb6 51. Nd4
{Black resigns} 1-0

[Event "Team 45 45 League T26"]
[Site "Internet Chess Club"]
[Date "2005.04.08"]
[Round "4"]
[White "azbycx"]
[Black "nobodylovesyou"]
[Result "0-1"]
[WhiteElo "1816"]
[BlackElo "1899"]
[TimeControl "2700+45"]

1. d4 d5 2. c4 c6 3. Nf3 Nf6 4. e3 e6 5. Nc3 Nbd7 6. Bd3 dxc4 7. Bxc4 b5 8. Bd3
a6 9. O-O c5 10. b3 Bb7 11. Qe2 Be7 12. dxc5 Nxc5 13. Rd1 Nxd3 14. Rxd3 Qb6 15.
Bb2 O-O 16. Rad1 Rfd8 17. h3 Rxd3 18. Rxd3 Rd8 19. Nd4 Nd7 20. Nf3 Bf6 21. b4
Qc6 22. Nd1 e5 23. Rd2 Re8 24. e4 Nb6 25. Nc3 Nc4 26. Rd3 Nxb2 27. Qxb2 Qc4 28.
Re3 h6 29. a3 Rd8 30. Nd2 Qc7 31. Nf3 Rd4 32. Re1 Rc4 33. Nd5 Bxd5 34. exd5 e4
35. Qb1 Qf4 36. Re3 Be5 37. Nxe5 Qxe5 38. d6 f5 39. g3 Qxd6 40. Qb3 Kh8 41. Kg2
Qd2 {White resigns} 0-1

[Event "Team 45 45 League T26"]
[Site "Internet Chess Club"]
[Date "2005.04.10"]
[Round "4"]
[White "CogitoErgoSum"]
[Black "alexcolins"]
[Result "1-0"]
[WhiteElo "1837"]
[BlackElo "1817"]
[TimeControl "2700+45"]

1. e4 c5 2. Nf3 Nc6 3. d4 cxd4 4. Nxd4 g6 5. Nc3 Bg7 6. Be3 Nf6 7. f3 O-O 8. Qd2
d5 9. Nxc6 bxc6 10. O-O-O Qa5 11. exd5 cxd5 12. Kb1 Be6 13. Nb5 Qxd2 14. Rxd2
Rfc8 15. Nxa7 Rc7 16. Nb5 Rb7 17. Nd4 Bd7 18. Nb3 Rc7 19. Bd4 Bh6 20. Rd1 Ne8
21. Be5 Rca7 22. a3 Nc7 23. Bd4 Bg7 24. Bxa7 Rxa7 25. Be2 e6 26. f4 Rb7 27. Ka2
Bf8 28. g3 Ne8 29. Bf3 Ba4 30. Rhe1 Nc7 31. Rd4 Ra7 32. Be2 Kg7 33. c4 Be7 34.
Rc1 Bf6 35. Rd2 Bxb3+ 36. Kxb3 Rb7+ 37. Ka2 dxc4 38. Bxc4 h5 39. Rcc2 h4 40. Rd7
g5 41. Bxe6 Nxe6 42. Rxb7 gxf4 43. gxf4 Nxf4 44. a4 Nd5 45. a5 Be5 46. a6 Ne3
47. Re2 Bd4 48. a7 Bxa7 49. Rxa7 Nd5 50. Rf2 Nf6 51. b4 Kg6 52. Ra6 Kg5 53.
Raxf6 {Black resigns} 1-0

[Event "Team 45 45 League T26"]
[Site "Internet Chess Club"]
[Date "2005.04.09"]
[Round "4"]
[White "deathmage"]
[Black "SnoopDoggyDogg"]
[Result "1-0"]
[WhiteElo "1685"]
[BlackElo "1815"]
[TimeControl "2700+45"]

1. e4 c5 2. Nf3 d6 3. d4 cxd4 4. Nxd4 Nf6 5. Nc3 a6 6. Bg5 e6 7. f4 Be7 8. Qf3
Nbd7 9. O-O-O Rb8 10. Bc4 Nc5 11. e5 dxe5 12. Nxe6 Qb6 13. Nxg7+ Kf8 14. Bxf6
Bxf6 15. fxe5 Kxg7 16. exf6+ Qxf6 17. Qg3+ Qg6 18. Qxb8 Qg5+ 19. Kb1 Bg4 20. Qg3
b5 21. Be2 h5 22. h3 h4 23. Qxg4 Qxg4 24. Bxg4 b4 25. Ne2 Re8 26. Rhf1 Ne4 27.
Bf3 f5 28. Bxe4 fxe4 29. Rd4 a5 30. c3 bxc3 31. Nxc3 e3 32. Re1 {Black resigns}
1-0